 Dungeon Crawl Stone Soup version 0.22-a0-570-g58866f5 (webtiles) character file.

334 theanonym the Chopper (level 6, -3/48 HPs)
             Began as a Mummy Warper on June 30, 2018.
             Was an Initiate of Ashenzari.
             Slain by an ogre
             ... wielding a +0 giant club
              (18 damage)
             ... on level 3 of the Dungeon.
             The game lasted 00:06:59 (3908 turns).

theanonym the Chopper (Mummy Warper)                Turns: 3908, Time: 00:07:00

Health: -3/48      AC:  7    Str: 16    XL:     6   Next: 27%
Magic:  10/10      EV:  9    Int: 12    God:    Ashenzari [......]
Gold:   187        SH:  0    Dex: 12    Spells: 10/10 levels left

rFire    x . .     SeeInvis .   a - +0 war axe
rCold    + . .     Gourm    +   (no shield)
rNeg     + + +     Faith    .   c - +0 scale mail
rPois    ∞         Spirit   .   (no helmet)
rElec    .         Reflect  .   j - scarf {cloud immunity}
rCorr    .         Harm     .   (no gloves)
MR       .....                  d - +0 pair of boots
Stlth    ..........             m - amulet of the gourmand
HPRegen  0.16/turn              (no ring)
MPRegen  0.12/turn              (no ring)

@: no status effects
A: no food or potions, fire vulnerability, cold resistance 1, negative energy
resistance 3, torment resistance, unbreathing
a: Curse Item, Renounce Religion


Innate Abilities, Weirdness & Mutations

You do not eat or drink.
Your flesh is vulnerable to fire.
You are immune to poison.
Your flesh is cold resistant. (rC+)
You are immune to negative energy. (rN+++)
You are immune to unholy pain and torment.
You can survive without breathing.


   Skills:
 + Level 4.1 Fighting
 * Level 4.6 Axes
 - Level 0.7 Throwing
 - Level 0.7 Armour
 - Level 1.5 Dodging
 - Level 2.6 Spellcasting
   Level 2.4 Translocations


You had 10 spell levels left.
You didn't know any spells.
Your spell library contained the following spells:

 Spells                   Type           Power        Failure   Level  Hunger
 Apportation              Tloc           #.....       34%         1    N/A
 Teleport Other           Tloc           #.......     71%         3    N/A
 Summon Small Mammal      Summ           #...         67%         1    N/A
 Blink                    Tloc           N/A          47%         2    N/A
 Animate Skeleton         Necr           N/A          67%         1    N/A
 Confusing Touch          Hex            #.....       67%         1    N/A
 Passage of Golubria      Tloc           N/A          98%         4    N/A
 Shroud of Golubria       Chrm/Tloc      #.........   65%         2    N/A
 Gell's Gravitas          Tloc           #.........   71%         3    N/A
 Lesser Beckoning         Tloc           #.........   71%         3    N/A

Skill      XL: |  1  2  3  4  5  6 |
---------------+-------------------+-----
Axes           | 2 3 4 |  4.6
Fighting       | 3 4 |  4.1
Throwing       | |  0.7
Armour         | |  0.7
Dodging        | |  1.5
Spellcasting   | |  2.6
Translocations | |  2.4

Action                   |  1- 3 |  4- 6 || total
-------------------------+-------+-------++-------
Melee: Hand axe          |   167 |    32 ||   199
       War axe           |       |   106 ||   106
Throw: Tomahawk          |       |     6 ||     6
  Use: Scroll            |       |     3 ||     3
Armor: Scale mail        |    81 |    69 ||   150
       Leather armour    |     4 |       ||     4
Dodge: Dodged            |    95 |    97 ||   192

Inventory:

Hand Weapons
 a - a +0 war axe (weapon)
   (You took it off an orc on level 2 of the Dungeon)
 p - a +0 hand axe
Missiles
 e - a tomahawk of dispersal (quivered)
Armour
 b - a +0 leather armour
 c - a +0 scale mail (worn)
   (You found it on level 1 of the Dungeon)
 d - a +0 pair of boots (worn)
   (You found it on level 1 of the Dungeon)
 j - a scarf of cloud immunity (worn)
   (You found it on level 2 of the Dungeon)
 s - a +2 helmet of intelligence
   (You found it on level 3 of the Dungeon)
Jewellery
 m - an amulet of the gourmand (around neck)
   (You found it on level 2 of the Dungeon)
Scrolls
 f - a scroll of magic mapping {unknown}
 g - a scroll of fear {unknown}
 h - a scroll of immolation
 i - a scroll of fog {unknown}
 k - a scroll of amnesia
 l - a scroll of identify {unknown}
 n - a scroll of noise {unknown}
 o - a scroll of random uselessness {unknown}
 t - a scroll of teleportation {!r}
 B - a scroll of blinking


You were on level 3 of the Dungeon.
You worshipped Ashenzari.
Ashenzari was noncommittal.
You were not hungry.

You visited 1 branch of the dungeon, and saw 4 of its levels.

You collected 187 gold pieces.

Dungeon Overview and Level Annotations

Branches:
Dungeon (4/15)
 Temple: D:4-7

Altars:
Ashenzari
Sif Muna
Uskayaw
Xom

###.#........###.......#
#####............#.........#
..................)........##
#####.#.......###...........#
####<.........# #.##........#
......#.......# #.##........#
##.#..#.......###..#†.......#
#)#..#............#........#
#.#..#.......>.@..#........#
#....#####......O.#........#
##.#..#####......(...)[)....#
..................#(........#
##.##.#############.........#
..!............
#......%..#####
..............
##.#(##....[... .!...........
#...##..(..... <......##.#.#
#####............


You could see an ogre.

Notes
Turn   | Place    | Note
-------+----------+-------------------------------------------
     0 | D:1      | theanonym the Mummy Warper began the quest for the Orb.
     0 | D:1      | Reached XP level 1. HP: 16/16 MP: 4/4
    21 | D:1      | HP: 8/16 [kobold (3)]
   390 | D:1      | Reached skill level 2 in Axes
   392 | D:1      | Reached XP level 2. HP: 17/22 MP: 5/5
  1153 | D:2      | Reached XP level 3. HP: 15/28 MP: 7/7
  1379 | D:2      | Found a deep blue altar of Sif Muna.
  1453 | D:2      | Found a hide-covered altar of Uskayaw.
  1492 | D:2      | Noticed a hand axe
  1492 | D:2      | Noticed a hand axe
  1888 | D:2      | Found an ornate altar of the Wu Jian Council.
  1894 | D:2      | Reached skill level 3 in Axes
  2000 | D:2      | Found a snail-covered altar of Cheibriados.
  2000 | D:2      | Found a radiant altar of Vehumet.
  2002 | D:2      | Found a burning altar of Makhleb.
  2002 | D:2      | Found a white marble altar of Elyvilon.
  2002 | D:2      | Found a shimmering altar of Xom.
  2233 | D:3      | Reached XP level 4. HP: 34/34 MP: 8/8
  2258 | D:3      | HP: 17/34 [adder (2)]
  2451 | D:2      | HP: 14/34 [orc/war axe (9)]
  2454 | D:2      | Reached skill level 3 in Fighting
  2796 | D:3      | HP: 17/35 [orc/flail (6)]
  2990 | D:3      | Noticed an ogre
  3225 | D:4      | Found a shattered altar of Ashenzari.
  3234 | D:4      | Became a worshipper of Ashenzari the Shackled
  3236 | D:4      | Reached XP level 5. HP: 41/41 MP: 9/9
  3348 | D:4      | Reached skill level 4 in Axes
  3471 | D:4      | Noticed a phantom
  3498 | D:4      | Reached XP level 6. HP: 25/48 MP: 10/10
  3645 | D:4      | Reached skill level 4 in Fighting
  3906 | D:3      | HP: 14/48 [ogre/giant club (15)]
  3908 | D:3      | Slain by an ogre

Vanquished Creatures
  4 wights (D:4)
  A hound (D:4)
  An orc priest (D:3)
  2 adders
  2 worms (D:2)
  3 dart slugs (D:1)
  4 leopard geckos
  10 orcs
  10 bats
  3 giant cockroaches
  6 goblins
  6 hobgoblins
  4 quokkas
  4 frilled lizards
  7 kobolds
  5 rats
72 creatures vanquished.

Table legend:
 A = Turns spent in this place as a percentage of turns spent in the entire game.
 B = Non-inter-level travel turns spent in this place as a percentage of non-inter-level travel turns spent in the entire game.
 C = Inter-level travel turns spent in this place as a percentage of turns spent in this place.
 D = Turns resting spent in this place as a percentage of non-inter-level travel turns spent in this place.
 E = Turns spent auto-exploring this place as a percentage of non-inter-level travel turns spent in this place.
 F = Non-inter-level travel turns spent in this place divided by the number of levels of this place that you've seen.
                   A       B       C       D       E      F
               +-------+-------+-------+-------+-------+----------------------
         Total | 100.0 | 100.0 |   6.3 |  42.0 |  36.7 | 915.2
       Dungeon | 100.0 | 100.0 |   6.3 |  42.0 |  36.7 | 915.2
               +-------+-------+-------+-------+-------+----------------------
